 Dungeon Crawl Stone Soup version 0.18.1-8-gdd0e5ea (webtiles) character file.

684 CyborgNinja the Ruffian (level 7, 0/68 HPs)
             Began as a Troll Transmuter on May 23, 2016.
             Slain by an orc wizard
             ... wielding a +0 dagger
              (2 damage)
             ... on level 5 of the Dungeon.
             The game lasted 00:05:52 (3375 turns).

CyborgNinja the Ruffian (Troll Transmuter)          Turns: 3375, Time: 00:05:52

Health: 0/68       AC:  6    Str: 19    XL:     7   Next: 35%
Magic:  7/7        EV:  9    Int: 11    God:
Gold:   287        SH:  9    Dex: 12    Spells: 1 memorised, 7 levels left

rFire  . . .     SeeInvis .       - Unarmed
rCold  . . .     Gourm    +     b - +0 robe
rNeg   . . .     Faith    .     n - +1 shield
rPois  .         Spirit   .     (helmet restricted)
rElec  +         Dismiss  .     p - +0 cloak
rCorr  .         Reflect  .     (gloves unavailable)
SustAt .         Harm     .     (boots unavailable)
MR     +....                    (no amulet)
Stlth  +.........               (no ring)
                                j - +4 ring of dexterity

@: somewhat resistant to hostile enchantments, very unstealthy
A: unfitting armour, claws 3, clumsy 1, fast metabolism 3, gourmand, magic
resistance 1, mutation resistance 1, regeneration 2, screaming 2, shaggy fur 1,
electricity resistance, tough skin 2, no device heal 1
a: no special abilities


You were on level 5 of the Dungeon.
You were not hungry.

You visited 1 branch of the dungeon, and saw 5 of its levels.

You collected 287 gold pieces.

Inventory:

Missiles
 a - 60 arrows
Armour
 b - a +0 robe (worn)
 n - a +1 shield (worn)
 p - a +0 cloak (worn)
Jewellery
 j - a +4 ring of dexterity (left claw)
 k - an uncursed ring of fire
Wands
 m - a wand of flame (20/48)
 t - a wand of iceblast (8/15)
Scrolls
 e - 3 scrolls of teleportation
 i - a scroll of blinking
 o - 2 scrolls of enchant armour
 s - a scroll of magic mapping {unknown}
 v - a scroll of identify
 x - a scroll of remove curse
Potions
 q - a potion of lignification
Books
 c - a book of Changes

   Spells                             Type                      Level
   a - Beastly Appendage              Transmutation                1
   b - Sticks to Snakes               Transmutation                2
   c - Spider Form                    Transmutation/Poison         3
   d - Ice Form                       Ice/Transmutation            4
   e - Blade Hands                    Transmutation                5
Comestibles
 d - 5 bread rations
 h - 3 meat rations
 l - a beef jerky
 w - 8 fruits


   Skills:
 + Level 3.7 Fighting
 - Level 3.1 Dodging
 * Level 3.1 Shields
 + Level 4.9 Unarmed Combat
 - Level 1.2 Spellcasting
 - Level 1.3 Transmutations


You had 7 spell levels left.
You knew the following spells:

 Your Spells              Type           Power        Failure   Level  Hunger
a - Beastly Appendage     Trmt           #.....       69%         1    ##.....


Dungeon Overview and Level Annotations

Branches:
Dungeon (5/15)
 Temple: D:4-7

Altars:
Fedhas


Innate Abilities, Weirdness & Mutations

You are too large for most types of armour.
You have claws for hands.
Your metabolism is lightning-fast.
You like to eat raw meat.
You heal very quickly.
You are covered in fur (AC +1).
You have very tough skin (AC +2).
You are clumsy. (Dex -2)
You are resistant to hostile enchantments.
You are somewhat resistant to further mutation.
You sometimes yell uncontrollably at your foes.
You are resistant to electric shocks.
Potions and wands are less effective at restoring your health.


Message History

As you read the scroll labeled DURREO XOFROC, it crumbles to dust.
The scroll dissolves into smoke.
It was a scroll of fog.
You block the orc's attack. The orc hits you but does no damage.
You block the orc's attack. The orc hits you.
* * * LOW HITPOINT WARNING * * *
Unknown command.
Read which item? (? for menu, Esc to quit)
As you read the scroll labeled MIOSUNGE HITORR, it crumbles to dust.
You hear a loud clanging noise!
It was a scroll of noise.
Something hits you.
* * * LOW HITPOINT WARNING * * *
The orc hits you with a club.
* * * LOW HITPOINT WARNING * * *
You block the orc's attack. The orc barely misses you.
Something hits you but does no damage. The orc hits you but does no damage.
Read which item? (? for menu, Esc to quit)
As you read the scroll labeled USKAQOF UDGHOT, it crumbles to dust.
The creatures around you are filled with an inner flame!
It was a scroll of immolation.
You block the orc's attack. Something hits you.
You die...

... .. .. #. ####. .
#..§§## ##. #.§§o{# #..
.###§o@### #.#
......oo§§#########.##
(..##..§.§...........###
. #....#.....####.....
.#.....###..##...###.
.....#.# #.......####
###...#.###.#.###....#
###...).....#####...
#####........##...


You could see 4 orcs.

Vanquished Creatures
  A sky beast (D:5)
  An ice beast (D:5)
  An ogre (D:5)
  A scorpion (D:5)
  A giant frog zombie (D:5)
  An orc priest (D:5)
  A centaur skeleton (D:5)
  2 hounds
  2 orc wizards (D:5)
  A hound skeleton (D:4)
  4 adders
  A shadow imp (D:5)
  2 oozes
  A worm (D:4)
  A dart slug (D:2)
  2 giant geckos
  11 orcs
  2 ball pythons
  9 bats
  4 giant cockroaches
  4 goblins
  10 hobgoblins
  11 jackals
  3 quokkas
  A giant gecko skeleton (D:4)
  4 giant newts
  2 kobolds
  10 rats
94 creatures vanquished.

Notes
Turn   | Place    | Note
--------------------------------------------------------------
     0 | D:1      | CyborgNinja the Troll Transmuter began the quest for the Orb.
     0 | D:1      | Reached XP level 1. HP: 18/18 MP: 1/1
    51 | D:1      | Reached skill level 1 in Fighting
   196 | D:1      | Reached XP level 2. HP: 26/27 MP: 2/2
   441 | D:1      | Reached XP level 3. HP: 33/33 MP: 3/3
  1229 | D:2      | Gained mutation: You are resistant to electric shocks. [potion of mutation]
  1229 | D:2      | Gained mutation: You occasionally shout uncontrollably at your foes. [potion of mutation]
  1229 | D:2      | Gained mutation: You are clumsy. (Dex -2) [potion of mutation]
  1230 | D:2      | Gained mutation: Scrolls take you a little longer to read. [potion of mutation]
  1230 | D:2      | Gained mutation: You are resistant to hostile enchantments. [potion of mutation]
  1230 | D:2      | Lost mutation: Scrolls take you a little longer to read. [potion of mutation]
  1538 | D:3      | Reached XP level 4. HP: 36/42 MP: 4/4
  1862 | D:3      | Found a faded altar to an unknown god.
  2463 | D:4      | Found a blossoming altar of Fedhas.
  2811 | D:4      | Reached XP level 5. HP: 50/50 MP: 5/5
  2908 | D:5      | Entered Level 5 of the Dungeon
  2917 | D:5      | Noticed an ice beast
  2918 | D:5      | Reached skill level 4 in Unarmed Combat
  2921 | D:5      | Noticed a sky beast
  2937 | D:5      | Killed an ice beast
  2937 | D:5      | Reached skill level 1 in Shields
  2937 | D:5      | Reached XP level 6. HP: 34/61 MP: 6/6
  2948 | D:5      | Killed a sky beast
  2954 | D:5      | Gained mutation: You sometimes yell uncontrollably at your foes. [mutagenic meat]
  2955 | D:5      | Gained mutation: You frequently scream uncontrollably at your foes. [mutagenic meat]
  2956 | D:5      | Lost mutation: You frequently scream uncontrollably at your foes. [mutagenic meat]
  3141 | D:5      | Reached XP level 7. HP: 12/67 MP: 7/7
  3268 | D:5      | Gained mutation: You are somewhat resistant to further mutation. [potion of mutation]
  3268 | D:5      | Gained mutation: Potions and wands are less effective at restoring your health. [potion of mutation]
  3374 | D:5      | HP: 1/68 [orc/club (4)]
  3375 | D:5      | Slain by an orc wizard

Skill      XL: |  1  2  3  4  5  6  7 |
---------------+----------------------+-----
Fighting       | 1 2 3 |  3.7
Dodging        | 2 3 |  3.1
Unarmed Combat | 4 |  4.9
Shields        | 1 2 3 |  3.1
Spellcasting   | |  1.2
Transmutations | |  1.3

Action                   |  1- 3 |  4- 6 |  7- 9 || total
-------------------------+-------+-------+-------++-------
Melee: Unarmed           |   150 |   162 |    41 ||   353
  Use: Potion            |     3 |     6 |     1 ||    10
       Scroll            |       |     4 |     3 ||     7
  Eat: Chunk             |    10 |    17 |     3 ||    30
       Bread ration      |     1 |       |       ||     1
Armor: Robe              |    79 |    51 |    21 ||   151
Dodge: Dodged            |   103 |    59 |    20 ||   182
Block: Shield            |       |    59 |    25 ||    84
